 Dungeon Crawl Stone Soup version 0.32-a0-86-g8db1b9f803 (webtiles) character file.

Game seed: 17847382071425297868

735200 Newt the Conqueror (level 27, -8/199 HPs)
             Began as a Gargoyle Fighter on Feb 5, 2024.
             Was an Initiate of Gozag.
             Killed from afar by a hellion (28 damage)
             ... with damnation
             ... on level 3 of the Iron City of Dis.
             The game lasted 02:17:31 (85579 turns).

Newt the Conqueror (Gargoyle Fighter)              Turns: 85579, Time: 02:17:35

Health: -8/199     AC: 59    Str: 37    XL:     27
Magic:  29/47      EV:  7    Int: 23    God:    Gozag
Gold:   2911       SH: 19    Dex: 20    Spells: 37/66 levels left

rFire   + + +        P - +9 war axe (spect)
rCold   + + +        t - +2 shield of Resistance {rF++ rC++ Will++}
rNeg    + + +        R - +9 scales of the Dragon King {rPois rF+ rC+ Will+}
rPois   ∞            D - +0 helmet {Int+3}
rElec   +            S - +2 cloak of the Sparrow {Regen+ Dex+4}
rCorr   +            u - +0 pair of fencer's gloves {Riposte Dex+3}
SInv    .            m - +2 pair of boots {rampage}
Will    +++++        f - amulet "Byfufouw" {Reflect ^Drain rPois Int+3 SH+5} Stlth
                     h - ring of Fanaticism {^Drain rN++ rCorr Int+3 Dex+6}
HPRegen 1.33/turn    O - ring of Trepidation {rF+ Will+ AC+4 Str+2}
MPRegen 0.30/turn

%: reflection, rampage
@: flying, studying 3 skills, corroded
A: sickness immunity, AC +20, big wings, negative energy resistance 1,
electricity resistance, torment resistance 1, petrification resistance, hooves
1, iridescent scales 1, clever 1, strong 1, inability to drink after injury 1,
[inability to read after injury 1]
}: 6/15 runes: decaying, serpentine, slimy, silver, obsidian, bone
a: Renounce Religion, Potion Petition, Call Merchant, Bribe Branch


You were on level 3 of the Iron City of Dis.
You worshipped Gozag.
Gozag was most pleased with you.
You visited 14 branches of the dungeon, and saw 67 of its levels.
You also visited: Ossuary, Ice Cave and Desolation.

You collected 36132 gold pieces.
You spent 21131 gold pieces at shops.
You paid 12090 gold pieces to Gozag.

Inventory:

Hand Weapons
 P - a +9 spectral war axe (weapon)
Missiles
 l - 4 datura-tipped darts
 s - 8 throwing nets
 T - 17 silver javelins
Armour
 m - a +2 pair of boots of rampaging (worn)
 t - the +2 shield of Resistance (worn) {rF++ rC++ Will++}
   (You bought it in a shop on level 1 of the Vaults)

   rF++:      It greatly protects you from fire.
   rC++:      It greatly protects you from cold.
   Will++:    It greatly increases your willpower.
 u - the +0 pair of fencer's gloves (worn) {Riposte Dex+3}
   (You found it on level 3 of the Elven Halls)

   Riposte:   It allows the wearer to riposte with melee weapons, swiftly
   retaliating against missed or blocked melee attacks.
   Dex+3:     It affects your dexterity (+3).
 D - a +0 helmet of intelligence (worn)
 K - a +2 pair of gloves of infusion
 R - the +9 scales of the Dragon King (worn) {rPois rF+ rC+ Will+}
   (You bought it in a shop on level 7 of Tartarus)

   rF+:       It protects you from fire.
   rC+:       It protects you from cold.
   rPois:     It protects you from poison Will+: It increases your willpower.
 S - the +2 cloak of the Sparrow (worn) {Regen+ Dex+4}
   (You bought it in a shop on level 1 of the Vaults)

   Dex+4:     It affects your dexterity (+4).
   Regen+:    It increases your rate of health regeneration.
Jewellery
 a - the ring "Coneun" {rF+ rC++ rN+ Will+ Str-3}
   (You found it on level 3 of the Crypt)

   [ring of positive energy]

   Str-3:     It affects your strength (-3).
   rF+:       It protects you from fire.
   rC++:      It greatly protects you from cold.
   rN+:       It protects you from negative energy.
   Will+:     It increases your willpower.
 f - the amulet "Byfufouw" (around neck) {Reflect ^Drain rPois Int+3 SH+5}
   (You found it on level 3 of the Elven Halls)

   [amulet of reflection]

   Reflect:   It reflects blocked missile attacks.
   Int+3:     It affects your intelligence (+3).
   rPois:     It protects you from poison ^Drain: It drains your maximum health
   when unequipped.
   SH+5:      It affects your SH (+5).
 h - the ring of Fanaticism (left hand) {^Drain rN++ rCorr Int+3 Dex+6}
   (You took it off a yaktaur captain on level 5 of the Vaults)

   [ring of dexterity]

   Int+3:     It affects your intelligence (+3).
   Dex+6:     It affects your dexterity (+6).
   rN++:      It greatly protects you from negative energy.
   rCorr:     It protects you from acid and corrosion.
   ^Drain:    It drains your maximum health when unequipped.
 L - the ring of Ruvias {rC+ rCorr Str+2 SInv}
   (You took it off an ironbound convoker in the Desolation of Salt)

   [ring of protection from cold]

   Str+2:     It affects your strength (+2).
   rC+:       It protects you from cold.
   SInv:      It lets you see invisible.
   rCorr:     It protects you from acid and corrosion.
 N - the ring "Meupul" {AC+4 Str+2}
   (You found it on level 3 of the Crypt)

   [ring of protection]

   AC+4:      It affects your AC (+4).
   Str+2:     It affects your strength (+2).
 O - the ring of Trepidation (right hand) {rF+ Will+ AC+4 Str+2}
   (You found it on level 5 of the Pits of Slime)

   [ring of protection]

   AC+4:      It affects your AC (+4).
   Str+2:     It affects your strength (+2).
   rF+:       It protects you from fire.
   Will+:     It increases your willpower.
Wands
 j - a wand of mindburst (33)
 y - a wand of polymorph (41)
 C - a wand of charming (47)
 M - a wand of digging (37)
 Q - a wand of quicksilver (39)
Scrolls
 b - a scroll of butterflies
 d - 2 scrolls of silence
 n - 23 scrolls of teleportation
 p - 7 scrolls of poison
 w - 12 scrolls of enchant armour
 B - 5 scrolls of vulnerability
 G - a scroll of enchant weapon
 J - 3 scrolls of blinking
 U - 3 scrolls of revelation
 Y - 8 scrolls of fear
Potions
 i - 25 potions of curing
 k - 7 potions of mutation
 q - 9 potions of lignification
 r - 7 potions of attraction
 v - 3 potions of resistance
 x - 3 potions of berserk rage
 z - 5 potions of cancellation
 E - 8 potions of enlightenment
 F - 8 potions of brilliance
 H - 9 potions of heal wounds
 I - 3 potions of magic
 V - 7 potions of ambrosia
 W - 4 potions of invisibility
Miscellaneous
 c - a phantom mirror
 e - a sack of spiders
 g - a tin of tremorstones (2/2)
 o - a lightning rod (4/4)
 A - the horn of Geryon
 X - a phial of floods


   Skills:
 O Level 27 Fighting
 - Level 21.1(21.3) Axes
 - Level 5.4(15.9) Maces & Flails
 - Level 7.6 Throwing
 - Level 16.2 Armour
 - Level 8.7 Shields
 * Level 20.3 Spellcasting
 - Level 25.9 Summonings
 - Level 10.7 Earth Magic
 - Level 16.1 Evocations


You had 37 spell levels left.
You knew the following spells:

 Your Spells              Type           Power      Damage    Failure   Level
a - Animate Armour        Summ/Erth      100%       N/A       1%          4
b - Summon Cactus Giant   Summ           48%        N/A       1%          6
c - Monstrous Menagerie   Summ           48%        N/A       1%          7
d - Martyr's Knell        Necr/Summ      70%        N/A       1%          4
e - Summon Horrible Thin  Summ           48%        N/A       4%          8

Your spell library contained the following spells:

 Spells                   Type           Power      Damage    Failure   Level
 Summon Small Mammal      Summ           100%       N/A       0%          1
 Call Imp                 Summ           100%       N/A       0%          2
 Call Canine Familiar     Summ           97%        N/A       0%          3
 Summon Ice Beast         Ice/Summ       70%        N/A       1%          3
 Summon Lightning Spire   Summ/Air       70%        N/A       1%          4
 Summon Hydra             Summ           48%        N/A       1%          7
 Summon Forest            Summ/Tloc      35%        N/A       3%          5
 Summon Mana Viper        Hex/Summ       70%        N/A       3%          5
 Stone Arrow              Conj/Erth      96%        3d13      9%          3
 Lee's Rapid Deconstruct  Erth           32%        3d16*     9%          5
 Apportation              Tloc           46%        N/A       26%         1
 Magic Dart               Conj           92%        1d7       26%         1
 Necrotise                Necr           92%        1d8       26%         1
 Shock                    Conj/Air       92%        1d8       26%         1
 Slow                     Hex            92%        N/A       26%         1
 Sting                    Conj/Alch      92%        1d8       26%         1
 Brom's Barrelling Bould  Conj/Erth      48%        2d7       28%         4
 Petrify                  Alch/Erth      48%        N/A       28%         4
 Blink                    Tloc           46%        N/A       36%         2
 Ensorcelled Hibernation  Hex/Ice        46%        N/A       36%         2
 Jinxbite                 Hex            46%        N/A       36%         2
 Lesser Beckoning         Tloc           46%        N/A       36%         2
 Mercury Vapours          Alch/Air       46%        N/A       36%         2
 Momentum Strike          Conj/Tloc      46%        3d9       36%         2
 Searing Ray              Conj           46%        2d6       36%         2
 Dragon's Call            Summ           48%        N/A       54%         9
 Dazzling Flash           Conj/Hex       46%        N/A       61%         3
 Fugue of the Fallen      Necr           23%        N/A       61%         3
 Gell's Gravitas          Tloc           23%        N/A       61%         3
 Hailstorm                Conj/Ice       23%        3d7       61%         3
 Mephitic Cloud           Conj/Alch/Air  23%        N/A       61%         3
 Ozocubu's Armour         Ice            23%        N/A       61%         3
 Sigil of Binding         Hex            23%        N/A       61%         3
 Swiftness                Air            23%        N/A       61%         3
 Teleport Other           Tloc           23%        N/A       61%         3
 Tukima's Dance           Hex            23%        N/A       61%         3
 Vampiric Draining        Necr           23%        2d7       61%         3
 Volatile Blastmotes      Fire/Tloc      46%        2d13      61%         3
 Borgnjor's Vile Clutch   Necr/Erth      24%        N/A       63%         5
 Haunt                    Necr/Summ      35%        N/A       73%         7
 Malign Gateway           Summ/Tloc      35%        N/A       73%         7
 Spellforged Servitor     Conj/Summ      35%        N/A       73%         7
 Airstrike                Air            11%        2d(2-18)  95%         4
 Anguish                  Hex/Necr       11%        N/A       95%         4
 Cause Fear               Hex            11%        N/A       95%         4
 Dimensional Bullseye     Hex/Tloc       11%        N/A       95%         4
 Fulminant Prism          Conj/Alch      11%        3d8       95%         4
 Ignite Poison            Fire/Alch      23%        N/A       95%         4
 Iskenderun's Mystic Bla  Conj/Tloc      23%        2d6       95%         4
 Manifold Assault         Tloc           23%        N/A       95%         4
 Olgreb's Toxic Radiance  Alch           23%        N/A       95%         4
 Passage of Golubria      Tloc           23%        N/A       95%         4
 Sticky Flame             Fire/Alch      23%        2d6       95%         4
 Vhi's Electric Charge    Tloc/Air       46%        N/A       95%         4
 Alistair's Intoxication  Alch           15%        N/A       100%        5
 Arcjolt                  Conj/Air       11%        1d21      100%        5
 Curse of Agony           Necr           23%        N/A       100%        5
 Fireball                 Conj/Fire      11%        3d7       100%        5
 Freezing Cloud           Conj/Ice/Air   11%        6-21      100%        5
 Irradiate                Conj/Alch      11%        3d15      100%        5
 Silence                  Hex/Air        11%        N/A       100%        5
 Yara's Violent Unravell  Hex/Alch       11%        3d6       100%        5
 Conjure Ball Lightning   Conj/Air       11%        3x3d6     100%        6
 Dispersal                Tloc           11%        N/A       100%        6
 Eringya's Noxious Bog    Alch           11%        4d6       100%        6
 Plasma Beam              Fire/Air       11%        2x1d22    100%        6
 Sculpt Simulacrum        Ice/Alch       11%        N/A       100%        6
 Starburst                Conj/Fire      11%        6d5       100%        6
 Enfeeble                 Hex            11%        N/A       100%        7
 Ozocubu's Refrigeration  Ice            11%        4d10      100%        7
 Borgnjor's Revivificati  Necr           11%        N/A       100%        8
 Discord                  Hex            11%        N/A       100%        8
 Disjunction              Tloc           11%        N/A       100%        8
 Ignition                 Fire           11%        3d5       100%        8
 Infestation              Necr           11%        N/A       100%        8
 Lehudib's Crystal Spear  Conj/Erth      24%        10d7      100%        8
 Maxwell's Capacitive Co  Air            11%        ∞         100%        8
 Death's Door             Necr           11%        N/A       100%        9
 Polar Vortex             Ice            11%        12d1*     100%        9
 Shatter                  Erth           32%        3d26*     100%        9
 Cigotuvi's Dreadful Rot  Necr/Alch/Air  Unusable   N/A       N/A         2
 Sublimation of Blood     Necr           Unusable   N/A       N/A         2
 Animate Dead             Necr           Unusable   N/A       N/A         4

Dungeon Overview and Level Annotations

Branches:
Dungeon (15/15)            Temple (0/1) D:5            Lair (5/5) D:10
  Swamp (4/4) Lair:2        Snake (4/4) Lair:3        Slime (5/5) Lair:4
    Orc (2/2) D:11            Elf (3/3) Orc:2        Vaults (5/5) D:14
  Crypt (3/3) Vaults:3       Tomb (0/3) Crypt:3      Depths (3/4) D:15
   Hell (visited)             Dis (3/7) Hell            Geh (7/7) Hell
    Coc (0/7) Hell            Tar (7/7) Hell        Ossuary (visited)
  IceCv (visited)         Desolation (visited)

Altars:
Dithmenos
Gozag
Hepliaklqana
Kikubaaqudgha
Makhleb
Nemelex Xobeh
Okawaru
Qazlal
Ru
Trog
Wu Jian

Shops:
D:4 !   D:10 (   Orc:2 (??   Elf:1 [   Elf:2 =*   Lair:2 *   Lair:4 [
Snake:1 ?*:[!*   Snake:2 [   Snake:3 ([:   Snake:4 *   Slime:5 [   Vaults:1 [[
Vaults:4 ?   Tar:7 **   Depths:1 *

Portals:
Hell: Depths:1 Depths:2 Depths:3
Abyss: Depths:2 Depths:3
Pandemonium: Depths:2 Depths:3
Ziggurat: Depths:2


Innate Abilities, Weirdness & Mutations

You are immune to sickness and miasma.
Your stone body is resilient. (AC +20)
You are immune to poison.
Your large and strong wings let you fly.
You resist negative energy. (rN+)
You are resistant to electric shocks. (rElec)
You are resistant to unholy torment.
You are immune to petrification.
You have large cloven feet.
You are partially covered in iridescent scales. (AC +2)
Your mind is acute. (Int +4, Str/Dex -1)
Your muscles are strong. (Str +4, Int/Dex -1)
You occasionally lose the ability to drink potions when taking damage.
[You occasionally lose the ability to read scrolls when taking damage.]


Message History

The ancient champion gestures at you while chanting.
The iron shot hits you but does no damage.
The stone giant hits your butterfly with a +2 giant spiked club!!
Your butterfly dies!
Your butterfly disappears in a burst of colours!
The caustic shrike claws your butterfly!!
Your butterfly dies!
Your butterfly disappears in a burst of colours!
You swap places.
Your +9 spectral war axe disappears.
The caustic shrike claws your butterfly!
Your butterfly dies!
Your butterfly disappears in a burst of colours!
The caustic shrike barely misses your butterfly.
The caustic shrike claws your butterfly!!
Your butterfly dies!
Your butterfly disappears in a burst of colours!
The caustic shrike barely misses your butterfly.
There is a stone staircase leading down here.
The caustic shrike completely misses your butterfly.
You block the hellion's attack.
The ancient champion hits you with a +5 morningstar.
* * * LOW HITPOINT WARNING * * *
The ancient champion mumbles some strange words.
The ancient champion seems to speed up.
You fly downwards.
Your summoned ally is left behind.
You shudder with dread.
You occasionally lose the ability to read scrolls when taking damage.
A malevolent force fills the Iron City of Dis... and a teleportation trap spontaneously manifests!
You are yanked towards some nearby monsters!
Your surroundings seem slightly different.
A quicksilver elemental comes into view.
The iron golem squeaks loudly.
Blink to where?
Press: ? - help, Dir - move target
As you read the scroll of blinking, it crumbles to dust.
The hellion gestures at you.
The sphere of damnation explodes!
The damnation engulfs you!!
You die...
Your body crumbles into a pile of gold.

..... .C.9 #+###..#
.###########..##..##
................§..#
..^.........§.2.9z.#
..............######
............E.#
#.@##....#
#..##....+
..........#
......##....#
#.......#######
#........ #........
#########


You could see a quicksilver elemental and a hellion.

Vanquished Creatures
  the Royal Jelly (Slime:5)
  Asmodeus (Geh:7)
  7 dread liches
  4 ancient liches
  Mennas (Crypt:3)
  A juggernaut (Depths:2)
  Sojobo (Crypt:3)
  Josephina (Crypt:3)
  Saint Roka (Snake:3)
  2 caustic shrikes (Dis:2)
  9 golden dragons
  Geryon (Hell)
  5 profane servitors
  27 bone dragons
  15 Tzitzimimeh
  19 doom hounds
  20 hellephants
  12 Brimstone Fiends
  An iron giant (Dis:1)
  5 tentacled monstrosities
  A walking earthen tome (Depths:3)
  2 spectral shard shrikes
  Rupert (D:13)
  Mlioglotl (Snake:1)
  17 tainted leviathans
  4 liches
  2 shard shrike skeletons (Crypt:2)
  3 deep elf blademasters (Elf:3)
  2 sphinxes (Crypt:3)
  6 deep elf master archers
  16 searing wretches
  19 acid blobs
  2 titans (Vaults:5)
  3 shadow dragons
  A thorn hunter (Swamp:4)
  Kirke (D:13)
  13 tengu reavers
  3 storm dragons
  7 ancient champions
  11 rockslimes
  Aizul (Elf:2)
  10 azure jellies
  5 nagarajas
  2 revenants (Crypt:2)
  4 iron dragons
  Roxanne (Snake:4)
  An imperial myrmidon (Desolation)
  21 fire giants
  2 quicksilver elementals (Dis:1)
  A fenstrider witch (Swamp:3)
  A deep elf elementalist (Elf:3)
  2 frost giants
  6 deep elf sorcerers
  A juggernaut zombie (Crypt:2)
  13 ghouls (Crypt:2)
  2 spectral juggernauts
  3 orc warlords
  24 balrugs
  23 vault wardens
  23 ironbound preservers
  5 reapers
  6 curse skulls
  4 spectral caustic shrikes
  A caustic shrike skeleton (Crypt:3)
  A juggernaut skeleton (Crypt:2)
  Louise (Elf:1)
  16 quicksilver oozes
  2 spriggan defenders (Depths:3)
  14 stone giants
  3 formless jellyfish
  8 ironbound thunderhulks
  4 vampire knights
  5 deep elf death magi
  6 very ugly things
  8 eleionomae
  A lorocyproca (Depths:3)
  The ghost of Agan the Black Belt, a journeyman MeSh (Lair:4)
  11 dire elephants
  13 deep elf annihilators
  10 putrid mouths
  7 war gargoyles
  6 deep elf demonologists
  Azrael (D:13)
  3 crystal guardians
  3 bunyips
  18 eidola
  2 spark wasps (Depths:3)
  A spectral golden dragon (Tar:5)
  11 ettins
  6 jiangshi
  A merfolk javelineer (Depths:1)
  3 spectral quicksilver dragons
  A blizzard demon (Hell)
  2 pearl dragon skeletons (Crypt:2)
  11 ragged hierophants (Desolation)
  3 deep elf high priests
  A green death (Depths:3)
  A spectral iron giant (Tar:2)
  An entropy weaver (shapeshifter) (Vaults:5)
  10 yaktaur captains
  6 fire dragons
  5 great orbs of eyes
  2 shambling mangroves (Swamp:4)
  Harold (Lair:1)
  5 spectral spriggans
  20 salamander tyrants
  A spriggan zombie (Crypt:3)
  36 vault guards
  A hell beast (Hell)
  8 ice dragons
  Fannar (Lair:1)
  12 servants of whispers (Desolation)
  A sphinx zombie (Depths:1)
  3 spriggan air magi (Depths:3)
  10 peacekeepers
  3 quicksilver dragon skeletons (Crypt:2)
  15 hydras
  3 ogre magi (Vaults:5)
  8 anacondas
  A boulder beetle (Vaults:3)
  5 ghost crabs
  6 rakshasas
  9 ironbound frosthearts
  4 alligators
  4 stokers
  2 catoblepae (Lair:4)
  10 two-headed ogres
  3 death knights
  2 deep troll shamans
  2 demonic crawlers (Hell)
  14 naga warriors
  9 centaur warriors
  3 occultists
  5 vampire magi
  7 death yaks
  2 spriggan berserkers (Depths:3)
  27 hell hogs
  32 dancing weapons
  10 deep troll earth magi
  2 spectral dire elephants
  2 tengu warriors
  12 naga sharpshooters
  14 spriggans
  9 shock serpents
  Amaemon (Lair:1)
  2 orc high priests (Orc:2)
  4 salamander mystics
  7 soul eaters
  23 deep elf knights
  20 hell knights
  A spectral bunyip (Tar:1)
  20 shadow wraiths
  43 skeletal warriors
  A skyshark (Lair:4)
  2 sun demons (Hell)
  Nergalle (D:11)
  A goliath frog (Swamp:1)
  An anaconda zombie (Crypt:3)
  2 bunyip zombies
  6 arcanists
  3 spectral anacondas
  2 flayed ghosts
  3 spriggan druids
  A sea snake (shapeshifter) (Depths:1)
  A shadow demon (Depths:2)
  57 deep trolls
  6 iron trolls
  5 naga ritualists
  An obsidian statue (D:10)
  4 mana vipers (shapeshifter)
  3 glowing orange brains
  5 bog bodies
  18 deep elf archers
  A glowing orange brain (shapeshifter) (Depths:3)
  21 ironbound convokers
  7 mana vipers
  11 swamp dragons
  5 harpies (Vaults:1)
  2 anaconda skeletons
  An iron giant skeleton (Crypt:3)
  5 phantasmal warriors
  10 lindwurms
  30 deep elf pyromancers
  A sphinx simulacrum (Vaults:3)
  36 deep elf zephyrmancers
  Pikel (D:5)
  2 orc knights (Vaults:3)
  4 orc sorcerers (Orc:2)
  3 oklob plants (Lair:1)
  4 shining eyes
  47 ugly things
  5 necromancers
  15 salamanders
  4 will-o-the-wisps
  A fire giant zombie (Crypt:2)
  3 spectral ettins
  5 manticores
  A frost giant zombie (Vaults:3)
  19 elephants
  4 human zombies
  9 rust devils
  A spectral centaur (Tar:2)
  A meliai (shapeshifter) (D:14)
  A frost giant skeleton (Depths:1)
  17 vault sentinels
  6 guardian serpents
  A black mamba (shapeshifter) (D:15)
  24 black mambas
  5 kobold blastminers
  3 smoke demons (Crypt:3)
  An ice statue (IceCv)
  2 centaur skeletons (D:15)
  3 eyes of devastation
  20 naga magi
  An orange demon (Lair:1)
  A storm dragon simulacrum (Crypt:3)
  6 gargoyles
  Joseph (D:8)
  12 cane toads
  5 rime drakes
  12 molten gargoyles
  3 dire elephant skeletons
  8 unseen horrors
  14 hellions
  An alligator snapping turtle zombie (Crypt:2)
  3 freezing wraiths (Crypt:2)
  7 torpor snails
  11 komodo dragons
  A red draconian zombie (Crypt:2)
  39 yaktaurs
  An unseen horror skeleton (Crypt:1)
  3 guardian mummies
  An unseen horror (shapeshifter) (D:10)
  3 ice devils (Hell)
  2 tengu conjurers
  An alligator snapping turtle skeleton (Crypt:2)
  2 kobold demonologists
  15 tormentors
  3 anaconda simulacra
  5 spectral nagas
  3 harpy zombies
  A silent spectre (Tar:1)
  4 spectral harpies
  A golden dragon simulacrum (Hell)
  4 trolls
  A catoblepas skeleton (Crypt:1)
  2 bloated husks
  13 tyrant leeches
  A polar bear (Lair:5)
  2 spectral guardian serpents (Snake:2)
  22 hornets
  A harpy skeleton (Crypt:2)
  A tengu simulacrum (Vaults:3)
  A hydra skeleton (Crypt:2)
  3 glass eyes
  A frost giant simulacrum (Depths:1)
  5 dream sheep (Lair:5)
  5 blink frogs (Lair:3)
  78 saltlings (Desolation)
  99 slime creatures
  3 guardian serpent skeletons
  A vampire (D:10)
  4 air elementals
  A jumping spider (shapeshifter) (Vaults:3)
  8 water elementals
  36 yaks
  5 shadows
  7 fire elementals
  5 wyverns
  5 wargs
  9 wraiths
  An ushabti (Crypt:3)
  An ettin skeleton (Crypt:3)
  4 hogs (D:13)
  2 golden eyes (Slime:5)
  2 sea snake simulacra (Snake:2)
  A yaktaur simulacrum (Vaults:2)
  A slime creature zombie (Crypt:2)
  3 steam dragons
  8 basilisks
  7 vampire mosquitoes
  A naga zombie (Crypt:2)
  A swamp worm (shapeshifter) (Depths:3)
  49 nagas
  Edmund (D:5)
  A glowing shapeshifter zombie (Depths:1)
  A merfolk zombie (Crypt:2)
  A harpy simulacrum (Hell)
  2 great orb of eyes simulacra (IceCv)
  5 acid dragons
  A deep troll skeleton (Crypt:1)
  14 swamp worms
  2 hell hounds (D:13)
  18 water moccasins
  A glowing shapeshifter skeleton (Depths:1)
  2 guardian serpent simulacra (Snake:2)
  2 ice beasts (D:6)
  38 orc warriors
  10 swamp drakes
  9 laughing skulls
  An elephant zombie (Crypt:2)
  3 black bears
  A lindwurm zombie (Crypt:2)
  A tengu (D:10)
  7 boggarts
  A hog zombie (Crypt:2)
  13 ogres
  7 centaurs
  3 lemures (D:5)
  12 wolves
  A phantom (D:5)
  A hog skeleton (Crypt:1)
  4 slime creature simulacra (IceCv)
  Blork the orc (D:5)
  12 kobold brigands
  A yaktaur zombie (Crypt:1)
  2 bullfrogs
  4 necrophages (Crypt:2)
  A draconian skeleton (Crypt:1)
  2 gnoll sergeants
  3 earth elementals
  4 scorpions
  3 glowing shapeshifter simulacra (IceCv)
  5 naga simulacra
  2 burial acolytes (Ossuary)
  3 wights
  12 killer bees
  2 howler monkeys
  2 spriggan skeletons
  An electric eel (D:10)
  A wolf zombie (Crypt:1)
  2 centaur zombies
  2 bombardier beetles
  2 jellies
  3 hounds
  23 orc priests
  A sleepcap (D:5)
  A basilisk skeleton (Crypt:1)
  8 iguanas
  28 orc wizards
  3 hell rats (Lair:5)
  A boggart skeleton (D:15)
  4 shapeshifter simulacra (IceCv)
  13 mummies
  15 gnolls
  9 adders
  4 river rats (Lair:5)
  A shadow imp (D:7)
  8 white imps
  4 ufetubi
  6 dart slugs
  3 ribbon worms
  107 orcs
  5 ball pythons
  A bat skeleton (Crypt:2)
  4 endoplasms
  4 giant cockroaches
  4 goblins
  5 hobgoblins
  3 quokkas
  12 bats
  5 frilled lizards (D:2)
  A gnoll zombie (Ossuary)
  17 kobolds
  6 orc zombies (Ossuary)
  8 rats
  10 butterflies (Tar:3)
  5 creeping infernos
  21 fire vortices
  A spectral weapon (Depths:3)
2688 creatures vanquished.

Vanquished Creatures (collateral kills)
  Ereshkigal (Tar:7)
  A dread lich (Tar:7)
  3 bone dragons (Crypt:2)
  2 Tzitzimimeh (Tar:7)
  2 doom hounds (Tar:6)
  A tainted leviathan (Tar:7)
  A curse skull (Crypt:2)
  A reaper (Tar:3)
  2 stone giants (Dis:2)
  A caustic shrike skeleton (Crypt:2)
  A war gargoyle (Dis:2)
  A putrid mouth (Tar:1)
  3 iron golems (Dis:1)
  A stoker (Geh:4)
  A tengu warrior (D:14)
  A vampire mage (Crypt:2)
  2 skeletal warriors (Crypt:2)
  An anaconda skeleton (Crypt:2)
  A necromancer (Vaults:5)
  A smoke demon (Crypt:3)
  A dire elephant skeleton (Crypt:2)
  A tormentor (Tar:4)
  A hellion (Tar:4)
  A bunyip simulacrum (Crypt:3)
  A spectral harpy (Tar:3)
  A yak (shapeshifter) (D:14)
  A naga (Snake:3)
  A bombardier beetle (D:5)
  A hound (D:5)
  An orc priest (Snake:3)
  2 gnolls (D:5)
  A dart slug (D:5)
  An orc (Snake:3)
42 creatures vanquished.

Vanquished Creatures (others)
  A yaktaur captain (Vaults:5)
  A rakshasa (Depths:3)
  2 hydras
  A stoker (Geh:6)
  A deep elf knight (Elf:2)
  A salamander mystic (Snake:4)
  3 deep elf pyromancers
  4 deep elf zephyrmancers
  A kobold blastminer (Orc:1)
  A vault sentinel (Vaults:2)
  A hellion (Tar:4)
  2 bloated husks (Swamp:1)
  A slime creature (IceCv)
  A spriggan (Swamp:3)
  A dire elephant simulacrum (Crypt:3)
  A human (D:13)
  A naga (Snake:4)
  A gnoll bouda (D:5)
  An orc priest (Orc:2)
  A sleepcap (D:7)
  An iguana (Lair:5)
  2 gnolls (D:5)
  2 orcs
  5 creeping infernos
  A fire vortex (Geh:6)
  14 foxfires (Swamp:4)
  42 spectral weapons
94 creatures vanquished.

Grand Total: 2824 creatures vanquished

Notes
Turn   | Place    | Note
-------+----------+-------------------------------------------
     0 | D:1      | Newt the Gargoyle Fighter began the quest for the Orb.
     0 | D:1      | Reached XP level 1. HP: 14/14 MP: 1/1
    84 | D:1      | Reached XP level 2. HP: 19/19 MP: 2/2
   795 | D:2      | Found a faded altar of an unknown god.
  1014 | D:2      | Reached XP level 3. HP: 16/24 MP: 3/3
  1145 | D:2      | Reached skill level 4 in Fighting
  1145 | D:2      | Reached XP level 4. HP: 17/29 MP: 4/4
  1765 | D:3      | Reached XP level 5. HP: 31/34 MP: 5/5
  2097 | D:3      | Reached skill level 5 in Maces & Flails
  2132 | D:3      | Found an opulent altar of Gozag.
  2225 | D:3      | Became a worshipper of Gozag Ym Sagoz the Greedy
  2418 | D:3      | Found a sacrificial altar of Ru.
  2418 | D:3      | Found a burning altar of Makhleb.
  2419 | D:3      | Found an ornate altar of the Wu Jian Council.
  2670 | D:4      | Reached skill level 5 in Fighting
  2670 | D:4      | Reached XP level 6. HP: 40/40 MP: 6/6
  2673 | D:4      | Found a shadowy altar of Dithmenos.
  2881 | D:4      | Identified the +1 ring mail of the Tormentor {Regen+ Str+3
                  | Stlth-}
  3108 | D:4      | Reached skill level 1 in Throwing
  3345 | D:4      | Found Esteost's Distillery.
  3355 | D:4      | Bought a potion of cancellation for 80 gold pieces
  3355 | D:4      | Bought a potion of might for 40 gold pieces
  3355 | D:4      | Bought a potion of lignification for 30 gold pieces
  3355 | D:4      | Bought a potion of haste for 100 gold pieces
  3584 | D:5      | Entered Level 5 of the Dungeon
  3628 | D:5      | Reached XP level 7. HP: 44/44 MP: 7/7
  3661 | D:5      | Noticed a hornet
  3671 | D:5      | Reached skill level 6 in Fighting
  3675 | D:5      | HP: 1/46 [hornet (11)]
  3874 | D:5      | Killed a hornet
  3875 | D:5      | Reached XP level 8. HP: 20/52 MP: 8/8
  4104 | D:5      | Reached skill level 5 in Throwing
  4258 | D:5      | Reached skill level 7 in Fighting
  4316 | D:5      | Found a staircase to the Ecumenical Temple.
  4359 | D:5      | Noticed Edmund
  4376 | D:5      | Killed Edmund
  4377 | D:5      | Reached skill level 5 in Armour
  4423 | D:5      | Found an ancient bone altar of Kikubaaqudgha.
  4428 | D:5      | Noticed Pikel
  4490 | D:5      | Killed Pikel
  4491 | D:5      | Reached skill level 8 in Fighting
  4491 | D:5      | Reached XP level 9. HP: 24/59 MP: 9/9
  4653 | D:5      | Noticed Blork the orc
  4665 | D:5      | Killed Blork the orc
  5500 | D:7      | Noticed a hornet
  5596 | D:7      | Found a sand-covered staircase.
  5602 | Ossuary  | Entered an ossuary
  6009 | D:7      | Found a sparkling altar of Nemelex Xobeh.
  6267 | D:7      | Killed a hornet
  6268 | D:7      | Reached skill level 9 in Fighting
  6886 | D:8      | Reached skill level 1 in Evocations
  6943 | D:8      | Noticed a two-headed ogre
  6953 | D:8      | Killed a two-headed ogre
  6954 | D:8      | Reached XP level 10. HP: 32/67 MP: 10/10
  7554 | D:8      | Found a stormy altar of Qazlal.
  7694 | D:8      | Noticed Joseph
  7720 | D:8      | Killed Joseph
  7721 | D:8      | Reached skill level 10 in Fighting
  8190 | D:9      | Reached skill level 5 in Evocations
  8300 | D:9      | Reached skill level 1 in Axes
  8440 | D:9      | Found a hazy altar of Hepliaklqana.
  8925 | D:10     | Entered Level 10 of the Dungeon
  9359 | D:10     | Found a staircase to the Lair.
  9846 | D:10     | Noticed a two-headed ogre
  9858 | D:10     | Killed a two-headed ogre
  9859 | D:10     | Reached skill level 11 in Fighting
  9859 | D:10     | Reached XP level 11. HP: 74/74 MP: 11/11
  9866 | D:10     | Reached skill level 5 in Axes
 10156 | D:10     | Noticed an arcanist
 10200 | D:10     | Noticed a harpy
 10474 | D:10     | Killed an arcanist
 10514 | D:10     | Noticed a faun
 10578 | D:10     | Noticed a harpy
 10727 | D:10     | a cane toad changed into a shock serpent
 10727 | D:10     | Noticed a shock serpent (shapeshifter)
 10728 | D:10     | a shock serpent changed into a wind drake
 10788 | D:10     | Got the Codex of the Fairies and Points
 11386 | D:10     | Noticed an obsidian statue
 11407 | D:10     | Killed an obsidian statue
 11998 | D:11     | Reached skill level 12 in Fighting
 12003 | D:11     | Found a staircase to the Orcish Mines.
 12018 | D:11     | Noticed a manticore
 12028 | D:11     | Killed a manticore
 12306 | D:11     | Noticed a white ugly thing
 12317 | D:11     | Killed a white ugly thing
 12626 | D:11     | Reached XP level 12. HP: 79/82 MP: 12/12
 12658 | D:11     | Reached skill level 10 in Armour
 12692 | D:11     | Noticed a two-headed ogre
 12708 | D:11     | Killed a two-headed ogre
 12965 | D:11     | Identified a scroll of acquirement
 12966 | D:11     | Acquired a +2 pair of gloves of infusion
 12998 | D:11     | Noticed Nergalle
 13012 | D:11     | Killed Nergalle
 13405 | D:11     | Gained mutation: You are agile. (Dex +4, Str/Int -1)
                  | [potion of mutation]
 13405 | D:11     | Gained mutation: You are robust. (+10% HP) [potion of
                  | mutation]
 13589 | D:12     | Reached skill level 13 in Fighting
 13700 | D:12     | Noticed a two-headed ogre
 13902 | D:11     | Killed a two-headed ogre
 13965 | D:12     | Found a frozen archway.
 13980 | IceCv    | Entered an ice cave
 14500 | IceCv    | Identified the ring "Tigysuaw" {Wiz rElec Dex+3}
 14685 | IceCv    | Reached skill level 14 in Fighting
 14685 | IceCv    | Reached XP level 13. HP: 80/99 MP: 0/13
 14801 | IceCv    | Noticed a quicksilver ooze
 14808 | IceCv    | Killed a quicksilver ooze
 14809 | IceCv    | Reached skill level 1 in Spellcasting
 15393 | IceCv    | Noticed a quicksilver ooze
 15403 | IceCv    | Killed a quicksilver ooze
 15623 | IceCv    | Noticed a quicksilver ooze
 15633 | IceCv    | Killed a quicksilver ooze
 15737 | IceCv    | Found a viscous altar of Jiyva.
 15737 | IceCv    | Noticed an azure jelly
 15747 | IceCv    | Killed an azure jelly
 15767 | IceCv    | Got the ring "Voqit" {rC+ Str+3 Int-5 Dex+4 Stlth+}
 15958 | D:10     | Bought the +8 mithril axe "Arga" {speed, Will+} for 1615
                  | gold pieces
 15958 | D:10     | Found the +8 mithril axe "Arga" {speed, Will+}
 16391 | D:12     | Found an ornate altar of the Wu Jian Council.
 17678 | D:13     | Noticed Rupert
 17692 | D:13     | Killed Rupert
 17693 | D:13     | Reached skill level 15 in Fighting
 18004 | D:13     | Noticed Kirke
 18019 | D:13     | Killed Kirke
 18121 | D:13     | Reached skill level 10 in Axes
 18246 | D:13     | Noticed Azrael
 18257 | D:13     | Killed Azrael
 18825 | D:14     | Gained mutation: Your large and strong wings let you fly.
                  | [Gargoyle growth]
 18825 | D:14     | Reached XP level 14. HP: 106/107 MP: 17/20
 19584 | D:14     | Found a gate to the Vaults.
 19625 | D:14     | You are sucked into a shaft and drop 1 floor!
 19625 | D:15     | Entered Level 15 of the Dungeon
 19684 | D:15     | Reached skill level 16 in Fighting
 20134 | D:14     | Found an iron altar of Okawaru.
 20138 | D:14     | Identified the +6 spear "Cuaxzeq" {elec, rF+ rC+}
 20379 | D:15     | Found a staircase to the Depths.
 21503 | Lair:1   | Entered Level 1 of the Lair of Beasts
 21606 | Lair:1   | Noticed Fannar
 21621 | Lair:1   | Killed Fannar
 21622 | Lair:1   | Reached skill level 5 in Shields
 22734 | Lair:1   | Noticed Amaemon
 22750 | Lair:1   | Killed Amaemon
 23200 | Lair:1   | Noticed Harold
 23218 | Lair:1   | Killed Harold
 23219 | Lair:1   | Reached XP level 15. HP: 114/115 MP: 0/21
 23831 | Lair:2   | You are sucked into a shaft and drop 1 floor!
 24485 | Lair:3   | Reached skill level 17 in Fighting
 24710 | Lair:3   | Found a staircase to the Snake Pit.
 25339 | Lair:3   | Identified the +2 leather armour "Xealaos" {rCorr Int+4
                  | Dex+2 Stlth+}
 25736 | Lair:4   | Bought a +0 helmet of intelligence for 195 gold pieces
 25751 | Lair:4   | Found a staircase to the Slime Pits.
 26107 | Lair:4   | Noticed Agan's ghost (journeyman MeSh)
 26114 | Lair:4   | Found a runed translucent gate.
 26114 | Lair:4   | Found a runed translucent gate.
 26114 | Lair:4   | Found a runed translucent gate.
 26599 | Lair:4   | Killed Agan's ghost
 26624 | Lair:4   | Acquired a manual of Axes
 26765 | Lair:5   | Entered Level 5 of the Lair of Beasts
 27528 | Lair:5   | Reached skill level 18 in Fighting
 28006 | Lair:5   | Reached XP level 16. HP: 125/125 MP: 16/22
 29484 | Lair:2   | Found a staircase to the Swamp.
 29554 | Lair:2   | Bought a scroll of teleportation for 51 gold pieces
 29554 | Lair:2   | Bought a scroll of teleportation for 51 gold pieces
 30190 | Orc:1    | Entered Level 1 of the Orcish Mines
 30878 | Orc:1    | Reached skill level 15 in Axes
 31081 | Orc:2    | Entered Level 2 of the Orcish Mines
 31081 | Orc:2    | Found a staircase to the Elven Halls.
 31615 | Orc:2    | Found Lailajuq's Magic Scroll Shoppe.
 31718 | Orc:2    | Bought a scroll of enchant armour for 90 gold pieces
 31718 | Orc:2    | Bought a scroll of poison for 48 gold pieces
 31774 | Orc:2    | Found Raklookk's Antique Weapon Shoppe.
 31780 | Orc:2    | Found Vubet's Antique Armour Emporium.
 32698 | Orc:2    | Found Tommafup's Magic Scroll Shoppe.
 32965 | Swamp:1  | Entered Level 1 of the Swamp
 34327 | Swamp:2  | Reached skill level 19 in Fighting
 35840 | Swamp:3  | Reached XP level 17. HP: 134/134 MP: 14/23
 36174 | Swamp:3  | Paralysed by a fenstrider witch for 3 turns
 36571 | Swamp:4  | Entered Level 4 of the Swamp
 38522 | Swamp:4  | Acquired a manual of Summonings
 38605 | Swamp:4  | Got a decaying rune of Zot
 38620 | Swamp:4  | Reached skill level 1 in Summonings
 39075 | Swamp:4  | Reached skill level 20 in Fighting
 39501 | Vaults:1 | Entered Level 1 of the Vaults
 39517 | Vaults:1 | Reached skill level 1 in Earth Magic
 39518 | Vaults:1 | Reached skill level 5 in Spellcasting
 39995 | Vaults:1 | Bought a glimmering cloak for 361 gold pieces
 39995 | Vaults:1 | Identified the +2 cloak of the Sparrow {Regen+ Dex+4} (You
                  | bought it in a shop on level 1 of the Vaults)
 39995 | Vaults:1 | Bought a glowing buckler for 285 gold pieces
 40012 | Vaults:1 | Reached skill level 5 in Summonings
 40239 | Vaults:1 | Reached XP level 18. HP: 85/141 MP: 2/26
 40747 | Vaults:1 | Reached skill level 5 in Earth Magic
 40761 | Vaults:1 | Bought the +2 shield of Resistance {rF++ rC++ Will++} for
                  | 2397 gold pieces
 40761 | Vaults:1 | Found the +2 shield of Resistance {rF++ rC++ Will++}
 41342 | Vaults:1 | Lost mutation: You are agile. (Dex +4, Str/Int -1) [potion
                  | of mutation]
 41342 | Vaults:1 | Lost mutation: You are robust. (+10% HP) [potion of
                  | mutation]
 41342 | Vaults:1 | Gained mutation: You are weak. (Str -2) [potion of
                  | mutation]
 41342 | Vaults:1 | Gained mutation: You are somewhat resistant to further
                  | mutation. [potion of mutation]
 41343 | Vaults:1 | Lost mutation: You are weak. (Str -2) [potion of mutation]
 41343 | Vaults:1 | Lost mutation: You are somewhat resistant to further
                  | mutation. [potion of mutation]
 41343 | Vaults:1 | Gained mutation: You are robust. (+10% HP) [potion of
                  | mutation]
 41343 | Vaults:1 | Gained mutation: Your magical capacity is low. (-10% MP)
                  | [potion of mutation]
 41344 | Vaults:1 | Lost mutation: You are robust. (+10% HP) [potion of
                  | mutation]
 41344 | Vaults:1 | Lost mutation: Your magical capacity is low. (-10% MP)
                  | [potion of mutation]
 41344 | Vaults:1 | Gained mutation: You have hidden genetic potential. [potion
                  | of mutation]
 41344 | Vaults:1 | Gained mutation: You are partially covered in iridescent
                  | scales. (AC +2) [potion of mutation]
 41344 | Vaults:1 | Gained mutation: You have large cloven feet. [potion of
                  | mutation]
 42722 | Vaults:2 | Identified the +11 shortbow of Pandemonium {flame, rPois
                  | rN+ Int-5 Dex+2}
 44158 | Vaults:3 | Reached XP level 19. HP: 132/136 MP: 20/31
 44168 | Vaults:3 | Reached skill level 10 in Summonings
 44575 | Vaults:3 | Gained mutation: Your mind is acute. (Int +4, Str/Dex -1)
                  | [hidden potential]
 44756 | Vaults:3 | Identified the +0 leather armour of Foemaicu {Harm Str-2
                  | Stlth+}
 44953 | Vaults:3 | Reached skill level 10 in Earth Magic
 44953 | Vaults:3 | Found a staircase to the Crypt.
 45067 | Vaults:3 | Learned a level 4 spell: Animate Armour
 45563 | Vaults:3 | Reached skill level 21 in Fighting
 46305 | Vaults:4 | Found Baig's Magic Scroll Shop.
 46313 | Vaults:4 | Bought a scroll of brand weapon for 218 gold pieces
 46435 | Vaults:4 | Reached XP level 20. HP: 121/144 MP: 19/33
 47078 | Vaults:5 | Entered Level 5 of the Vaults
 47125 | Vaults:4 | Gained mutation: Your muscles are strong. (Str +4, Int/Dex
                  | -1) [hidden potential]
 47125 | Vaults:4 | Lost mutation: You have hidden genetic potential. [hidden
                  | potential expressed]
 47320 | Vaults:5 | Noticed a golden dragon
 47505 | Vaults:5 | Killed a golden dragon
 47748 | Vaults:5 | Reached skill level 22 in Fighting
 47752 | Vaults:5 | Noticed a golden dragon
 48427 | Vaults:5 | Identified the +2 quarterstaff "Xidel" {heavy, rF+ rC+
                  | Will+}
 48598 | Vaults:5 | Identified the ring of Fanaticism {^Drain rN++ rCorr Int+3
                  | Dex+6}
 48649 | Vaults:5 | Reached XP level 21. HP: 115/152 MP: 12/34
 49297 | Vaults:5 | Got a silver rune of Zot
 49328 | Vaults:5 | Noticed a golden dragon
 49332 | Vaults:5 | Got the Compilation of the Compass
 49344 | Vaults:5 | Killed a golden dragon
 49477 | Vaults:5 | Noticed an ancient lich
 49489 | Vaults:5 | Killed an ancient lich
 49590 | Vaults:5 | Identified the +4 battleaxe "Nudiy" {heavy, ^Fragile rPois
                  | Str+3 SInv}
 49599 | Vaults:5 | Killed a golden dragon
 50082 | Snake:1  | Entered Level 1 of the Snake Pit
 50082 | Snake:1  | Noticed Mlioglotl
 50093 | Snake:1  | Killed Mlioglotl
 50184 | Snake:1  | Found Polaj's Assorted Antiques.
 50191 | Snake:1  | Bought a scroll labelled JIFIYGO APPEO for 34 gold pieces
 50191 | Snake:1  | Bought a potion of heal wounds for 170 gold pieces
 50191 | Snake:1  | Bought a potion of might for 136 gold pieces
 50191 | Snake:1  | Bought a potion of ambrosia for 272 gold pieces
 50191 | Snake:1  | Bought a scroll of poison for 136 gold pieces
 50192 | Snake:1  | Acquired 898 gold pieces
 50195 | Snake:1  | Bought 2 scrolls of identify for 80 gold pieces
 50195 | Snake:1  | Bought a scroll of blinking for 150 gold pieces
 50503 | Snake:1  | Found Cedats's Distillery.
 50507 | Snake:1  | Found Fuyxajoc's Armour Shoppe.
 50508 | Snake:1  | Found Yzecept's Book Emporium.
 50511 | Snake:1  | Bought a potion of berserk rage for 60 gold pieces
 50511 | Snake:1  | Bought a potion of heal wounds for 60 gold pieces
 50511 | Snake:1  | Bought a potion of ambrosia for 96 gold pieces
 50511 | Snake:1  | Bought a potion of invisibility for 96 gold pieces
 50728 | Snake:1  | Found Noacuatesm's Overcharged Wands.
 50751 | Snake:1  | Bought a wand of quicksilver (18) for 1134 gold pieces
 51365 | Vaults:1 | Bought ichor-stained ice dragon scales for 2470 gold pieces
 51365 | Vaults:1 | Identified the +0 ice dragon scales "Ulomniez" {Fly rF-
                  | rC++ rN+++ Str-4} (You bought it in a shop on level 1 of
                  | the Vaults)
 51938 | Snake:2  | Reached skill level 23 in Fighting
 52537 | Snake:2  | Found Puos's Armour Shoppe.
 52808 | Snake:3  | Noticed Saint Roka
 52821 | Snake:3  | Reached skill level 15 in Armour
 52835 | Snake:3  | Killed Saint Roka
 53428 | Snake:3  | Found Unluahae's Armour Shop.
 53443 | Snake:3  | Found Necoxeh's Weapon Boutique.
 53586 | Snake:3  | Found Buwemibeown's Vocational Training.
 53597 | Snake:3  | Bought a manual of Evocations for 1520 gold pieces
 53703 | Snake:4  | Entered Level 4 of the Snake Pit
 54180 | Snake:4  | Noticed Roxanne
 54197 | Snake:4  | Killed Roxanne
 54348 | Snake:4  | Identified the ring of Ascent {Wiz Dex+5}
 54409 | Snake:4  | Reached XP level 22. HP: 94/160 MP: 3/35
 54509 | Snake:4  | Reached skill level 10 in Evocations
 54820 | Snake:4  | Found Saahuac's CLEARANCE SALE!.
 54827 | Snake:4  | Bought a tin of tremorstones (2/2) for 280 gold pieces
 54983 | Snake:4  | Got a serpentine rune of Zot
 55418 | Elf:1    | Entered Level 1 of the Elven Halls
 55418 | Elf:1    | Noticed Louise
 55429 | Elf:1    | Killed Louise
 55566 | Elf:1    | Identified the +5 hand axe of Tartarus {drain, Str+4}
 55575 | Elf:1    | Found a crumbling gateway.
 55579 | Desolati | Entered the Desolation of Salt
 55663 | Desolati | Reached skill level 24 in Fighting
 55684 | Desolati | Got Xeiqet's Verses on the Valley
 56450 | Desolati | Got the Secrets of Snow-white Generation
 56879 | Desolati | Identified the +2 war axe "Xeufu" {drain, *Slow rF+ Str+4}
 56883 | Desolati | Identified the +9 morningstar of Cruel Justice {freeze, rF+
                  | Dex+2}
 56884 | Desolati | Identified the ring of Adyth {rN+ rCorr MP+9}
 56892 | Desolati | Got the Codex of the Oni
 57218 | Desolati | Identified the ring of Ruvias {rC+ rCorr Str+2 SInv}
 57227 | Desolati | Reached skill level 15 in Evocations
 57478 | Desolati | Identified the +5 flail "Tiqek" {flame, rC- Will+ rCorr
                  | Str+4}
 57640 | Desolati | Got the Folio of the Sky and Hail
 57646 | Desolati | Identified the ring of the Locust {rPois EV+5 Str+2 Stlth+}
 58126 | Elf:1    | Reached XP level 23. HP: 162/168 MP: 5/36
 59002 | Elf:1    | Found Paasingaoh's Armour Shoppe.
 59014 | Elf:1    | Bought a +1 pair of boots of rampaging for 247 gold pieces
 59691 | Elf:2    | Found a huge runed translucent gate.
 59691 | Elf:2    | Found a huge runed translucent gate.
 59691 | Elf:2    | Found a huge runed translucent gate.
 59691 | Elf:2    | Found a huge runed translucent gate.
 59691 | Elf:2    | Found a huge runed translucent gate.
 59809 | Elf:2    | Found Otyshel's Jewellery Emporium.
 59814 | Elf:2    | Found Riunuc's Neck Hole.
 59875 | Elf:2    | Paralysed by an air elemental for 1 turns
 60353 | Elf:2    | Identified the serpent talisman of Tomorrow {rN+ rCorr
                  | Int-3 SInv}
 60353 | Elf:2    | Noticed Aizul
 60381 | Elf:2    | Killed Aizul
 60695 | Elf:3    | Entered Level 3 of the Elven Halls
 60716 | Elf:3    | Reached skill level 25 in Fighting
 61330 | Elf:3    | Paralysed by an air elemental for 1 turns
 61693 | Elf:3    | Got the Directory of Plutonic Calling
 61743 | Elf:3    | Found the +0 pair of fencer's gloves {Riposte Dex+3}
 61821 | Elf:3    | Identified the ring "Muveb" {Fly rN+ Slay+3}
 61918 | Elf:3    | Identified the ring "Doett" {Fly rF+ Dex-4 SInv}
 61919 | Elf:3    | Identified the staff of Kiruq {*Slow rElec rPois Str+5
                  | Earth Alchemy}
 61938 | Elf:3    | Identified the +4 battleaxe of Hacs {venom, rN+ Dex+3}
 61947 | Elf:3    | Identified the amulet "Byfufouw" {Reflect ^Drain rPois
                  | Int+3 SH+5}
 61976 | Elf:3    | Identified the +4 battleaxe "Sekakleoli" {drain, *Corrode
                  | rPois rN+ Int+3}
 62247 | Depths:1 | Entered Level 1 of the Depths
 62247 | Depths:1 | Found Gehoth's Assorted Antiques.
 62248 | Depths:1 | Found a bloodstained altar of Trog.
 62252 | Depths:1 | Bought a scroll of silence for 399 gold pieces
 62431 | Depths:1 | Reached skill level 10 in Spellcasting
 62560 | Depths:1 | Reached XP level 24. HP: 170/176 MP: 37/37
 62856 | Depths:1 | Found a gateway to Hell.
 63549 | Depths:2 | Identified the +0 cloak of Omission {Int+8}
 63673 | Depths:2 | Identified the +6 scale mail "Zacwuosaecs" {rF+}
 63715 | Depths:2 | Found a one-way gateway to a ziggurat.
 63902 | Depths:2 | Found a one-way gate leading to the halls of Pandemonium.
 63978 | Depths:2 | Found a one-way gate to the infinite horrors of the Abyss.
 64741 | Depths:3 | Noticed a juggernaut
 64765 | Depths:3 | Reached skill level 26 in Fighting
 64947 | Depths:2 | Killed a juggernaut
 64979 | Depths:3 | Identified the +10 short sword of Deformation {vamp, rN+
                  | SInv}
 65068 | Depths:3 | Reached skill level 15 in Summonings
 65116 | Depths:3 | Reached XP level 25. HP: 178/184 MP: 34/38
 65140 | Depths:3 | Learned a level 6 spell: Summon Cactus Giant
 66249 | Slime:1  | Entered Level 1 of the Pits of Slime
 66716 | Slime:2  | Gained mutation: You occasionally lose the ability to drink
                  | potions when taking damage. [a shining eye]
 66935 | Slime:5  | Entered Level 5 of the Pits of Slime
 67007 | Slime:5  | Noticed the Royal Jelly
 67052 | Slime:5  | Killed the Royal Jelly
 67052 | Slime:5  | HP: 6/185 [rockslime[the Royal Jelly] (29)]
 67564 | Slime:5  | Identified the +12 morningstar "Earthworm" {freeze, rF+
                  | rCorr Int+5 Dex+3}
 67640 | Slime:5  | Identified the ring of Trepidation {rF+ Will+ AC+4 Str+2}
 67717 | Slime:5  | Identified the +1 rapier of Terror {flame, *Rage rElec rF+
                  | rN+}
 67989 | Slime:5  | Identified the +4 sling "Beastslayer" {flame, Stlth+}
 67991 | Slime:5  | Got a slimy rune of Zot
 67992 | Slime:5  | Identified the +5 scimitar "Baocul" {pain, rF+}
 67993 | Slime:5  | Identified the staff of Boics {rElec Summ Air}
 67995 | Slime:5  | Got the Writings on the Viridian Whammy
 68281 | Slime:5  | Bought a buzzing plate armour for 1120 gold pieces
 68281 | Slime:5  | Identified the +6 plate armour of Hangman {Harm} (You
                  | bought it in a shop on level 5 of the Pits of Slime)
 68283 | Slime:5  | Bought a slimy plate armour for 1120 gold pieces
 68283 | Slime:5  | Identified the +9 plate armour "Riuw" {Rampage +Inv SInv}
                  | (You bought it in a shop on level 5 of the Pits of Slime)
 68678 | Hell     | Entered the Vestibule of Hell
 68678 | Hell     | Noticed Geryon
 68700 | Hell     | Killed Geryon
 68832 | Hell     | Found a gateway to the freezing wastes of Cocytus.
 68915 | Hell     | Found a gateway to the decaying netherworld of Tartarus.
 69005 | Hell     | Found a gateway to the ashen valley of Gehenna.
 69102 | Hell     | Found a gateway to the Iron City of Dis.
 69208 | Geh:1    | Entered Level 1 of Gehenna
 69244 | Geh:1    | Paralysed by a Zot trap for 2 turns
 69602 | Geh:1    | Learned a level 7 spell: Monstrous Menagerie
 69794 | Geh:2    | Reached skill level 27 in Fighting
 70342 | Geh:3    | Reached XP level 26. HP: 178/186 MP: 40/40
 71918 | Geh:7    | Entered Level 7 of Gehenna
 72417 | Geh:7    | Identified the ring of Lexkem {Ice rPois Dex+3}
 73684 | Geh:7    | Found the +13 sceptre of Asmodeus
 73684 | Geh:7    | Noticed Asmodeus
 74084 | Geh:7    | Killed Asmodeus
 74267 | Geh:7    | Got an obsidian rune of Zot
 74561 | Geh:7    | Got the Essays on Battling
 74600 | Geh:7    | Reached skill level 15 in Spellcasting
 75146 | Tar:1    | Entered Level 1 of Tartarus
 75153 | Tar:1    | Reached XP level 27. HP: 167/199 MP: 42/42
 75573 | Tar:1    | You are sucked into a shaft and drop 1 floor!
 75879 | Tar:3    | Found a huge runed translucent gate.
 75879 | Tar:3    | Found a huge runed translucent gate.
 75879 | Tar:3    | Found a huge runed translucent gate.
 75879 | Tar:3    | Found a huge runed translucent gate.
 75879 | Tar:3    | Found a huge runed translucent gate.
 75879 | Tar:3    | Found a huge runed translucent gate.
 75880 | Tar:3    | Found a huge runed translucent gate.
 75880 | Tar:3    | Found a huge runed translucent gate.
 75880 | Tar:3    | Found a huge runed translucent gate.
 75880 | Tar:3    | Found a huge runed translucent gate.
 75884 | Tar:3    | Found a huge runed translucent gate.
 75884 | Tar:3    | Found a huge runed translucent gate.
 75896 | Tar:3    | Found a huge runed translucent gate.
 75929 | Tar:3    | Found a huge runed translucent gate.
 75930 | Tar:3    | Found a huge runed translucent gate.
 76015 | Tar:3    | Found a huge runed translucent gate.
 76062 | Tar:3    | Found a huge runed translucent gate.
 76063 | Tar:3    | Found a huge runed translucent gate.
 76064 | Tar:3    | Found a huge runed translucent gate.
 76065 | Tar:3    | Found a huge runed translucent gate.
 76067 | Tar:3    | Found a huge runed translucent gate.
 76068 | Tar:3    | Found a huge runed translucent gate.
 76146 | Tar:3    | Found a huge runed translucent gate.
 76146 | Tar:3    | Found a huge runed translucent gate.
 76146 | Tar:3    | Found a huge runed translucent gate.
 76149 | Tar:3    | Found a huge runed translucent gate.
 76151 | Tar:3    | Found a huge runed translucent gate.
 76151 | Tar:3    | Found a huge runed translucent gate.
 76151 | Tar:3    | Found a huge runed translucent gate.
 76151 | Tar:3    | Found a huge runed translucent gate.
 76153 | Tar:3    | Found a huge runed translucent gate.
 76154 | Tar:3    | Found a huge runed translucent gate.
 76155 | Tar:3    | Found a huge runed translucent gate.
 76155 | Tar:3    | Found a huge runed translucent gate.
 76160 | Tar:3    | Found a huge runed translucent gate.
 76161 | Tar:3    | Found a huge runed translucent gate.
 76218 | Tar:4    | Noticed an ancient lich
 76218 | Tar:4    | Noticed a dread lich
 76218 | Tar:4    | Noticed a dread lich
 76218 | Tar:4    | Noticed a dread lich
 76222 | Tar:4    | Killed a dread lich
 76226 | Tar:4    | Killed a dread lich
 76228 | Tar:4    | Killed a dread lich
 76242 | Tar:4    | Killed an ancient lich
 76984 | Tar:5    | Learned a level 4 spell: Martyr's Knell
 76990 | Tar:5    | Noticed a dread lich
 76996 | Tar:5    | Killed a dread lich
 77329 | Tar:6    | Learned a level 8 spell: Summon Horrible Things
 77550 | Tar:7    | Entered Level 7 of Tartarus
 77727 | Tar:7    | Noticed a dread lich
 77728 | Tar:7    | Noticed a dread lich
 77737 | Tar:7    | Found the +12 glaive of Prune {freeze, Prune}
 77739 | Tar:7    | Killed a dread lich
 77740 | Tar:7    | Killed a dread lich
 78069 | Tar:7    | Noticed Ereshkigal
 78086 | Tar:7    | Killed Ereshkigal
 78413 | Tar:7    | Noticed a dread lich
 78414 | Tar:7    | Noticed an ancient lich
 78422 | Tar:7    | Killed a dread lich
 78427 | Tar:7    | Killed an ancient lich
 78434 | Tar:7    | Identified the ring of Coqishre {Fly rPois MP+9 Dex-3
                  | Stlth+}
 79168 | Tar:7    | Found the +10 dark maul {heavy}
 79425 | Tar:7    | Identified the +9 quarterstaff "Giant's Toothpick" {drain,
                  | MP+9 Int+3}
 79450 | Tar:7    | Got a bone rune of Zot
 79723 | Crypt:1  | Entered Level 1 of the Crypt
 81160 | Crypt:2  | Found an ancient bone altar of Kikubaaqudgha.
 81565 | Crypt:2  | Identified the +10 falchion of Dycwer {vamp, Stlth+}
 81565 | Crypt:2  | Identified the +0 leather armour of the Bells {-Tele rElec
                  | rCorr SInv}
 81618 | Crypt:2  | Identified the +0 scale mail of Isonus {Int+5}
 81618 | Crypt:2  | Identified the amulet "Docoaq" {RegenMP ^Contam rN++
                  | Slay+2}
 81672 | Crypt:2  | Identified the +9 trident of Ignis's Hope {venom, rC+}
 82712 | Tar:7    | Bought the +9 scales of the Dragon King {rPois rF+ rC+
                  | Will+} for 5990 gold pieces
 82712 | Tar:7    | Found the +9 scales of the Dragon King {rPois rF+ rC+
                  | Will+}
 83047 | Crypt:3  | Entered Level 3 of the Crypt
 83119 | Crypt:3  | Noticed Sojobo
 83134 | Crypt:3  | Killed Sojobo
 83405 | Crypt:3  | Noticed Mennas
 83421 | Crypt:3  | Killed Mennas
 83554 | Crypt:3  | Identified the ring "Keupuph" {rN+ Stlth+}
 83554 | Crypt:3  | Identified the ring "Jomixzek" {rN+ Will- Str+6 Int+8
                  | Stlth-}
 83554 | Crypt:3  | Identified the ring "Coneun" {rF+ rC++ rN+ Will+ Str-3}
 83572 | Crypt:3  | Identified the ring "Meupul" {AC+4 Str+2}
 83703 | Crypt:3  | Found a staircase to the Tomb.
 83962 | Crypt:3  | Identified the ring of Ehyd {Ice +Blink Int+2}
 83962 | Crypt:3  | Noticed Josephina
 83972 | Crypt:3  | Killed Josephina
 84305 | Crypt:3  | Found an ancient bone altar of Kikubaaqudgha.
 84305 | Crypt:3  | Noticed an ancient lich
 84312 | Crypt:3  | Killed an ancient lich
 84357 | Crypt:3  | Noticed a dread lich
 84366 | Crypt:3  | Killed a dread lich
 84652 | Crypt:3  | Identified the +7 rapier of the Pits of Slime {flame,
                  | ^Drain rElec Stlth+}
 84998 | Dis:1    | Entered Level 1 of the Iron City of Dis
 85579 | Dis:3    | Killed from afar by a hellion

Illustrated notes

Levels and vault maps discovered:
D:1:      dpeg_arrival_leaves_temple_mockup, layout_basic,
          grunt_decor_arrowhead, hex_intersection, roderic_lattice_a
D:2:      layout_loops_corners, hellmonk_ecumenical_altar_pennies_from_heaven,
          chequers_serial_rivers_marsh, fountainhead,
          dreamdust_princess_corridor
D:3:      layout_loops_ring, gammafunk_temple_overflow_claw,
          nicolae_overflow_crystal_walls, nicolae_figureground_sparkle
D:4:      layout_basic, mainiacjoe_overflow_catwalk, serial_bayou,
          serial_bayou_shore_a, serial_bayou_shore_b, serial_bayou_pond_e,
          serial_bayou_ford_a, serial_shops, nicolae_shop_hallway_plus,
          st_stairs_10
D:5:      cheibrodos_fzero, layout_basic, lemuel_doored_altar,
          minmay_temple_entry_sparse_star, uniq_pikel, uniq_blork_the_orc,
          uniq_edmund
D:6:      layout_rooms, nicolae_tricolors
D:7:      nicolae_cairo_tiling, layout_basic,
          mainiacjoe_overflow_surrounded_room, nicolae_ossuary_entry_plus
D:8:      layout_basic, nicolae_qazlal_eye_of_the_storm, serial_corexii_hall,
          corexii_hall_statues_i, chequers_hall_statues_wall_a, uniq_joseph
D:9:      layout_loops_ring, mainiacjoe_overflow_tiny_flanked
D:10:     kennysheep_windowed_halls, layout_basic, erik_lair_dragon,
          minivault_16
D:11:     layout_irregular_city, david_orc_3, uniq_nergalle
D:12:     layout_basic, portal_ice_cave_entry_pillars_2, special_room
          [special_room_orc], nzn_wu_jian_contemplation
D:13:     layout_roguey, uniq_kirke, uniq_rupert, uniq_azrael
D:14:     layout_long_grid, david_vaults_5, okawaru_ov_weapons_minmay,
          nicolae_tricolors
D:15:     grunt_enter_depths_magical_seal, layout_small_grid, serial_rivers,
          chequers_serial_rivers_room_b, chequers_serial_rivers_marsh,
          chequers_serial_rivers_micro_b, chequers_serial_rivers_small_a,
          chequers_serial_rivers_room_b, chequers_serial_rivers_small_b
Lair:1:   minmay_lair_oklob_chamber, layout_layer_cave, lemuel_fruit_fields,
          uniq_fannar, uniq_harold, uniq_amaemon
Lair:2:   layout_long_grid, swamp_mist_pool, lemuel_fruit_tree,
          grunt_megastairs_4
Lair:3:   layout_cave_pods, alex1729_snake_entry_snake, roderic_batcave
Lair:4:   layout_loops_ring, slime_entry_1, gammafunk_ghost_split,
          serial_bayou_shore_b, lemuel_fruit_fields, grunt_megastairs_2
Lair:5:   guppyfry_lair_end_dragon, layout_regular_city, wormcave,
          kennysheep_abandoned_house
Swamp:1:  layout_basic_swamp, evilmike_swamp_ruin_wall, hangedman_swamp_diagram
Swamp:2:  layout_basic_swamp, serial_swamp_ruin, evilmike_swamp_ruin_house_1,
          evilmike_swamp_ruin_house_5, evilmike_swamp_ruin_rubble_1,
          nicolae_swamp_long_stream, infiniplex_staircase_pool_2
Swamp:3:  layout_falls_marsh, evilmike_swamp_ruin_house_6, swamp_pool_3
Swamp:4:  swamp_alternative, layout_basic_swamp, nicolae_swamp_tree_isthmus
Snake:1:  layout_grid_maze, serial_shops, shop, nicolae_shop_overcharged_wands,
          minmay_shop_star, uniq_mlioglotl
Snake:2:  layout_misc_corridors, serial_shops, shop,
          nicolae_snake_the_dead_are_slithering
Snake:3:  layout_misc_corridors, nicolae_shop_vocational, minmay_shoptagon,
          grunt_megastairs_3, uniq_saint_roka
Snake:4:  snake_pit, layout_misc_corridors, nicolae_shop_clearance,
          nicolae_triple_integral, uniq_roxanne
Slime:1:  layout_caves, cheibrodos_slime_lost_civilization_5
Slime:2:  layout_caves, cheibrodos_slime_lost_civilization_7
Slime:3:  layout_caves
Slime:4:  layout_caves
Slime:5:  slime_pit_nicolae_inversion
Orc:1:    layout_caves, special_room [special_room_kobold],
          nicolae_orc_lava_tube, nicolae_orc_takin'_care_of_business
Orc:2:    grunt_orc_community_town_hall, layout_caves,
          grunt_orc_community_big_house_1, grunt_orc_community_big_house_2,
          grunt_orc_community_house_2, grunt_orc_community_house_3,
          grunt_orc_community_house_2, grunt_orc_community_house_3,
          grunt_orc_community_house_1, basic_altar
Elf:1:    elf_arrival_002, layout_loops_corners,
          portal_desolation_entry_nicolae_forbidding_blocks, serial_shops, shop,
          hangedman_elven_crosses_minicolossus, minmay_misc_feat_diagonals,
          uniq_louise
Elf:2:    elven_hall_of_blades_hangedman_alternative [nicolae_blade_bullseye],
          layout_geoelf_diagonals, serial_shops, shop_statue,
          nicolae_shop_sticking_my_neck_out, uniq_aizul
Elf:3:    minmay_elf_hall, layout_geoelf_octagon
Vaults:1: v_misc_25, nicolae_vaults_trapezoid_4,
          nicolae_vaults_trapezoid_lopsided_4, grunt_vaults_swirl,
          nicolae_vaults_what_the_h, nicolae_vaults_trapezoid_lopsided_2,
          nicolae_vaults_ninety_degrees, nicolae_vaults_wine_cellar,
          layout_vaults_omnigrid
Vaults:2: nicolae_vaults_angled_halls, v_misc_11, nicolae_vaults_puzzle_piece,
          hangedman_vaults_snaps, v_misc_15, vaults_room_grid,
          nicolae_vaults_shipping_containers_3, nicolae_vaults_double_plus_3,
          hangedman_vaults_slice, v_misc_3, v_pattern_1, ontoclasm_vaults_idyll,
          layout_vaults_omnibox
Vaults:3: vaults_room_boxed, grunt_vaults_twisty, ontoclasm_vaults_idyll,
          st_lines, nicolae_vaults_more_shelving_2, grunt_vaults_hallway_long,
          nicolae_vaults_mini_display_case, dpeg_vaults_monster_row,
          ontoclasm_vaults_chip, ontoclasm_vaults_hangar,
          minmay_crypt_entry_simple_box, nicolae_vaults_asterisk,
          layout_vaults_omnicross
Vaults:4: hangedman_vaults_cutoff, nicolae_vaults_offset_grid_hallway_3,
          vaults_room_ringed_pool, v_pattern_2, v_misc_33,
          nicolae_vaults_trapezoid_3, vaults_room_door_ring,
          layout_vaults_big_room, serial_shops, shop
Vaults:5
Crypt:1:  layout_catacombs, grunt_crypt_arrival_split
Crypt:2:  nicolae_crypt_knochenhaus, layout_basic,
          lemuel_mausoleum_altar_kikubaaqudgha
Crypt:3:  quadcrypt_mu, uniq_josephina, uniq_mennas, uniq_sojobo
Depths:1: layout_honeycomb, pf_coc_iceberg, serial_shops,
          nicolae_shop_advertising_works [nicolae_subvault_shop_adworks],
          serial_glass, glass_columns_a, glass_columns_a, feat_on_display,
          due_unseen_surprise, feat_on_display, minmay_strange_pillars,
          nicolae_lava_and_water, trog_three_pillars_becter
Depths:2: dreamdust_merry_men, layout_small_grid, enter_ziggurat_f,
          abyss_entry_crystal, hell_entry, rand_demon_pan_entry_5,
          serial_sigils, serial_sigils_hangedman_clutch,
          serial_sigils_hangedman_quiver, serial_sigils_hangedman_scar,
          serial_sigils_hangedman_gnaw, serial_sigils_hangedman_gut,
          moated_statue, minmay_misc_feat_chi, small_chamber_with_monster,
          hangedman_decor_riveting
Depths:3: minmay_complete_graph, layout_basic, hell_entry,
          amcnicky_mini_pool_small, abyss_entry_small_statue_room,
          grunt_pan_entry_in_and_out, kennysheep_generic_room_15,
          minmay_staircase_bubble
Hell
Dis:1:    layout_regular_city
Dis:2:    layout_gridville, nicolae_dis_fourth_circle
Dis:3:    layout_gridville, minmay_strange_pillars
Geh:1:    layout_gehenna_pools_box, nicolae_geh_lavax
Geh:2:    layout_gehenna_pools_box
Geh:3:    layout_gehenna_lava_caves
Geh:4:    layout_gehenna_pools_triple, nicolae_hells_seeping_fissure
Geh:5:    layout_gehenna_pools_box
Geh:6:    layout_gehenna_pools_triple
Geh:7:    geh_hangedman
Tar:1:    layout_cathedral_of_symmetry, nicolae_tar_grid_combs
Tar:2:    layout_grid_maze
Tar:3:    layout_grid_maze, nicolae_tar_cuneiform_two,
          nicolae_tar_cuneiform_bread, not_door_vault_mu
Tar:4:    layout_grid_maze, nicolae_tar_liches_on_tour
Tar:5:    layout_honeycomb
Tar:6:    layout_cathedral_of_symmetry
Tar:7:    tar_grunt_cathedral

Skill      XL: |  1  2  3  4  5  6  7  8  9 10 11 12 13 14 15 16 17 18 19 20 21 22 23 24 25 26 27 |
---------------+----------------------------------------------------------------------------------+-----
Maces & Flails | 3 4 5 |  5.4
Fighting       | 4 5 6 8 9 11 12 14 15 16 18 19 20 21 22 23 24 25 26 27 | 27.0
Throwing       | 2 4 5 7 |  7.6
Armour         | 6 9 13 15 16 | 16.2
Evocations     | 3 5 7 9 15 16 | 16.1
Axes           | 4 7 10 12 13 16 17 19 21 | 21.1
Spellcasting   | 4 5 8 9 10 11 13 15 20 | 20.3
Shields        | 7 8 |  8.7
Summonings     | 5 9 12 15 17 20 25 | 25.9
Earth Magic    | 4 8 10 | 10.7

Action                     |  1- 3 |  4- 6 |  7- 9 | 10-12 | 13-15 | 16-18 | 19-21 | 22-24 | 25-27 || total
---------------------------+-------+-------+-------+-------+-------+-------+-------+-------+-------++-------
  Melee: Flail             |    71 |   242 |   473 |   130 |       |       |       |       |       ||   916
         War axe           |       |       |       |   444 |    83 |       |   283 |    10 |  1775 ||  2595
         Broad axe         |       |       |       |       |   845 |  1284 |   999 |  1524 |   818 ||  5470
         Demon whip        |       |       |       |       |    25 |    78 |       |       |       ||   103
         Eveningstar       |       |       |       |       |       |       |       |       |    10 ||    10
  Throw: Dart              |       |     4 |    31 |    35 |    28 |     2 |       |       |       ||   100
         Throwing net      |       |       |       |     2 |       |     1 |       |       |       ||     3
         Javelin           |       |       |       |       |     2 |       |       |       |       ||     2
         Boomerang         |       |       |       |       |    13 |    14 |     4 |       |       ||    31
   Cast: Animate Armour    |       |       |       |       |       |       |     2 |     1 |     3 ||     6
         Monstrous Menager |       |       |       |       |       |       |       |       |    16 ||    16
         Summon Cactus Gia |       |       |       |       |       |       |       |       |     4 ||     4
         Summon Horrible T |       |       |       |       |       |       |       |       |    15 ||    15
         Martyr's Knell    |       |       |       |       |       |       |       |       |    10 ||    10
 Invoke: Call Merchant     |       |       |       |     1 |     1 |     3 |     1 |       |     3 ||     9
         Potion Petition   |       |       |       |       |       |       |       |     1 |       ||     1
  Evoke: Wand              |       |       |       |     6 |    15 |     1 |       |     1 |     9 ||    32
         Phantom mirror    |       |       |       |       |       |       |     1 |       |     2 ||     3
         Lightning rod     |       |       |       |       |       |       |       |     3 |       ||     3
         Sack of spiders   |       |       |       |       |       |       |       |       |     2 ||     2
         Tin of tremorston |       |       |       |       |       |       |       |       |     1 ||     1
         Phial of floods   |       |       |       |       |       |       |       |       |     1 ||     1
    Use: Scroll            |     3 |     3 |     8 |    16 |     4 |     5 |    12 |     6 |    10 ||    67
         Potion            |       |     2 |     4 |     9 |     5 |     7 |     5 |       |     9 ||    41
   Stab: Distracted        |       |       |     1 |     2 |     6 |    11 |     9 |    18 |    94 ||   141
         Invisible         |       |       |       |     3 |       |     4 |     2 |     7 |       ||    16
         Petrified         |       |       |       |       |     5 |       |       |       |       ||     5
         Petrifying        |       |       |       |       |     1 |       |       |       |       ||     1
         Held in net/web   |       |       |       |       |       |     2 |       |       |       ||     2
         Paralysed         |       |       |       |       |       |       |       |       |     1 ||     1
 Armour: Scale mail        |    42 |   111 |       |       |       |       |       |       |       ||   153
         Ring mail         |       |    44 |   436 |   184 |       |       |       |       |       ||   664
         Plate armour      |       |       |       |   509 |   713 |   987 |   854 |   721 |  1365 ||  5149
         Gold dragon scale |       |       |       |       |       |       |       |       |   186 ||   186
  Dodge: Dodged            |    30 |   103 |   275 |   254 |   261 |   350 |   202 |   152 |   306 ||  1933
  Block: Buckler           |    11 |    37 |   112 |   126 |   100 |    24 |       |       |       ||   410
         Kite shield       |       |       |       |       |   225 |   598 |   768 |   784 |  1298 ||  3673
         Reflection        |       |       |       |       |       |       |    52 |    76 |    31 ||   159
Riposte: Broad axe         |       |       |       |       |       |       |       |   104 |   119 ||   223
         War axe           |       |       |       |       |       |       |       |       |   373 ||   373
         Eveningstar       |       |       |       |       |       |       |       |       |     1 ||     1

Table legend: (Time is in decaauts)
 A = Elapsed time spent in this place.
 B = Non-inter-level travel time spent in this place.
 C = Inter-level travel time spent in this place.
 D = Time resting spent in this place.
 E = Time spent auto-exploring this place.
 F = Levels seen in this place.
 G = Mean time per level.
                   A        B        C        D        E       F      G
               +--------+--------+--------+--------+--------+-----+--------+
         Total |  83070 |  76941 |   6129 |  13191 |  49867 |  70 | 1186.7 |
       Dungeon |  21303 |  18885 |   2418 |   3416 |  11949 |  15 | 1420.2 |
          Lair |   9044 |   8179 |    865 |    767 |   6459 |   5 | 1808.8 |
         Swamp |   6136 |   5868 |    268 |   2203 |   2825 |   4 | 1534.0 |
     Snake Pit |   4516 |   4264 |    252 |     74 |   3448 |   4 | 1129.0 |
    Slime Pits |   2004 |   1851 |    153 |    366 |   1056 |   5 |  400.8 |
  Orcish Mines |   2575 |   2451 |    124 |      0 |   2121 |   2 | 1287.5 |
   Elven Halls |   4186 |   3965 |    221 |      0 |   3215 |   3 | 1395.3 |
        Vaults |   9883 |   9253 |    630 |   1075 |   6515 |   5 | 1976.6 |
         Crypt |   4313 |   4057 |    256 |      0 |   3204 |   3 | 1437.7 |
        Depths |   3599 |   3360 |    239 |    414 |   2297 |   3 | 1199.7 |
          Hell |    616 |    438 |    178 |      0 |    343 |   1 |  616.0 |
           Dis |    557 |    544 |     13 |    335 |     78 |   3 |  185.7 |
       Gehenna |   5591 |   5459 |    132 |   2138 |   2116 |   7 |  798.7 |
      Tartarus |   4484 |   4110 |    374 |    909 |   2350 |   7 |  640.6 |
       Ossuary |    234 |    234 |      0 |      0 |    139 |   1 |  234.0 |
      Ice Cave |   1876 |   1876 |      0 |   1351 |    184 |   1 | 1876.0 |
    Desolation |   2145 |   2145 |      0 |    142 |   1568 |   1 | 2145.0 |
               +--------+--------+--------+--------+--------+-----+--------+

Top non-repeatable levels by time:
    D:10: 3810 daAuts
   Geh:7: 3054 daAuts
Vaults:1: 2541 daAuts
  Lair:1: 2530 daAuts
  Lair:5: 2365 daAuts
Vaults:3: 2219 daAuts
Desolation: 2145 daAuts
   Tar:7: 2049 daAuts
    D:11: 1962 daAuts
Vaults:5: 1925 daAuts
 Swamp:3: 1912 daAuts
   IceCv: 1876 daAuts
    D:12: 1871 daAuts
    D:14: 1866 daAuts
  Lair:3: 1694 daAuts
